AoeStats
← ssuhsiang1022

Arena

506335812Analyzed
4v4 RM · 19d ago on Sep 13, 2026· 68m 55s· 8 players
Game mode
Random Map
Map size
Large (8 player)
Population
200
Speed
Normal
Resources
Standard
Victory
Conquest
Starting age
Dark Age
Ending age
Imperial Age
RankedLock teamsTeams togetherTeam positionsShared explorationLock speedFull tech treeHidden civsTurbo modeCheats
Victory
Defeat
🇨🇳 Huns · China
1050
+14
🇦🇺 Koreans · Australia
1025
+16
🇹🇼 Britons · Taiwan
998
+17
🇹🇼 Mongols · Taiwan
996
+17
🇨🇳 Spanish · China
1188
-23
🇨🇳 Khmer · China
1162
-22
🇨🇳 Italians · China
904
-11
🇯🇵 Mongols · Japan
803
-8
Reisen Udongein Inaba
10:04 Feudal Age
12:45 Castle Age
10:50 Double-Bit Axe
11:13 Horse Collar
14:32 Bow Saw
17:31 Wheelbarrow
21:24 Bow Saw
23:07 Heavy Plow
25:59 Imperial Age
23:50 Gold Mining
23:51 Stone Mining
23:57 Loom
24:37 Hand Cart
24:26 Town Watch
26:29 Gold Shaft Mining
26:30 Stone Shaft Mining
26:27 Ballistics
26:27 Heavy Plow
26:53 Siege Engineers
28:02 Conscription
28:31 Heavy Scorpion
30:36 Chemistry
30:59 Fletching
31:57 Double Crossbow
31:21 Capped Ram
32:45 Bodkin Arrow
32:47 Siege Ram
34:44 Bracer
34:58 Masonry
34:43 Murder Holes
37:46 Caravan
45:25 Forging
46:15 Light Cavalry
46:56 Husbandry
47:59 Iron Casting
47:30 Scale Barding Armor
48:03 Crop Rotation
47:59 Fortified Wall
48:19 Architecture
48:18 Bloodlines
49:18 Hussar
50:22 Chain Barding Armor
51:36 Blast Furnace
51:49 Plate Barding Armor
55:05 Padded Archer Armor
58:47 Coinage
68:04 Town Patrol
Hilary
10:53 Feudal Age
14:46 Castle Age
13:07 Double-Bit Axe
13:44 Horse Collar
16:30 Bow Saw
20:29 Wheelbarrow
23:00 Hand Cart
23:20 Gold Mining
24:15 Heavy Plow
26:00 Scale Barding Armor
26:06 Forging
28:48 Imperial Age
27:26 Chain Barding Armor
27:03 Stone Mining
27:18 Loom
27:19 Town Watch
28:56 Iron Casting
28:32 Bloodlines
28:23 Husbandry
29:44 Stone Shaft Mining
28:51 Cavalier
30:15 Plate Barding Armor
31:26 Supremacy
32:32 Blast Furnace
31:59 Onager
35:02 Two-Man Saw
34:33 Paladin
35:21 Caravan
36:33 Coinage
36:46 Scale Mail Armor
36:36 Fletching
36:53 Devotion
39:40 Light Cavalry
43:02 Bodkin Arrow
43:07 Padded Archer Armor
43:23 Chain Mail Armor
42:34 Pikeman
43:15 Squires
43:00 Arson
45:35 Banking
45:15 Guilds
44:35 Hussar
45:31 Masonry
46:23 Chemistry
45:20 Murder Holes
48:17 Architecture
68:33 Plate Mail Armor
68:03 Bracer
68:19 Leather Archer Armor
wololoo-
10:54 Feudal Age
11:59 Loom
14:29 Castle Age
12:39 Double-Bit Axe
12:36 Horse Collar
15:31 Bow Saw
17:14 Wheelbarrow
22:53 Gold Mining
23:58 Stone Mining
27:53 Imperial Age
25:40 Hand Cart
29:45 Chemistry
28:41 Loom
29:33 Stone Shaft Mining
30:39 Guilds
31:22 Fletching
31:33 Padded Archer Armor
31:41 Thumb Ring
31:25 Treadmill Crane
32:21 Bodkin Arrow
33:02 Conscription
32:03 Elite Genoese Crossbowman
33:04 Silk Road
33:59 Ballistics
34:20 Bracer
34:36 Leather Archer Armor
35:21 Pirotechnia
35:14 Caravan
37:04 Ring Archer Armor
39:27 Fortified Wall
39:27 Masonry
44:06 Two-Man Saw
43:19 Scale Mail Armor
43:29 Forging
43:19 Scale Mail Armor
43:29 Forging
43:24 Scale Barding Armor
44:28 Architecture
44:50 Town Watch
44:43 Elite Skirmisher
44:43 Crossbowman
44:45 Pikeman
44:45 Man-at-Arms
44:45 Pikeman
45:11 Arson
45:26 Squires
46:24 Hoardings
46:26 Iron Casting
46:11 Chain Barding Armor
46:07 Chain Mail Armor
50:42 Coinage
59:30 Banking
61:37 Plate Mail Armor
62:07 Blast Furnace
62:01 Plate Barding Armor
63:15 Long Swordsman
菜菜子批发号
9:22 Feudal Age
11:12 Horse Collar
13:36 Castle Age
11:46 Double-Bit Axe
14:38 Bow Saw
21:04 Gold Mining
22:45 Wheelbarrow
26:41 Imperial Age
23:58 Loom
25:08 Ballistics
24:42 Fletching
25:06 Heavy Plow
25:21 Caravan
26:07 Hand Cart
26:13 Bodkin Arrow
27:30 Gold Shaft Mining
27:05 Padded Archer Armor
27:29 Stone Mining
27:56 Bracer
29:15 Chemistry
29:12 Leather Archer Armor
29:04 Thumb Ring
29:16 Bloodlines
29:06 Husbandry
30:42 Murder Holes
30:46 Elite Mangudai
32:14 Parthian Tactics
32:30 Onager
34:08 Conscription
35:18 Drill
35:16 Siege Engineers
37:10 Fortified Wall
37:58 Siege Onager
40:39 Masonry
41:13 Stone Shaft Mining
40:51 Nomads
41:27 Hoardings
40:22 Sappers
40:35 Capped Ram
41:24 Herbal Medicine
43:33 Coinage
43:38 Town Watch
43:32 Siege Ram
45:59 Heavy Scorpion
48:27 Banking
56:00 Light Cavalry
56:46 Scale Barding Armor
56:52 Forging
58:10 Chain Barding Armor
57:16 Hussar
59:01 Iron Casting
crazyfork
10:54 Feudal Age
15:35 Castle Age
13:54 Double-Bit Axe
13:53 Horse Collar
15:52 Wheelbarrow
17:26 Bow Saw
17:18 Heavy Plow
21:25 Fletching
24:11 Hand Cart
23:41 Town Watch
23:43 Loom
25:40 Bodkin Arrow
27:23 Padded Archer Armor
30:07 Imperial Age
28:09 Ballistics
27:29 Treadmill Crane
27:45 Treadmill Crane
28:24 Leather Archer Armor
28:47 Masonry
29:31 Fortified Wall
31:51 Chemistry
31:22 Architecture
30:54 Town Patrol
31:16 Conscription
31:19 Yeomen
31:52 Bracer
32:22 Ring Archer Armor
31:51 Murder Holes
33:04 Two-Man Saw
33:27 Warwolf
33:59 Forging
34:51 Elite Longbowman
35:09 Light Cavalry
35:50 Husbandry
35:16 Cavalier
37:25 Light Cavalry
38:38 Siege Engineers
38:03 Pikeman
38:28 Gambesons
38:46 Squires
45:46 Iron Casting
45:16 Scale Barding Armor
47:29 Hoardings
46:28 Halberdier
48:31 Blast Furnace
47:32 Scale Mail Armor
48:20 Chain Barding Armor
54:09 Caravan
59:07 Plate Barding Armor
58:47 Chain Mail Armor
61:29 Plate Mail Armor
ssuhsiang1022
12:25 Feudal Age
13:56 Wheelbarrow
16:16 Castle Age
14:41 Stone Mining
15:52 Double-Bit Axe
16:37 Horse Collar
17:53 Bow Saw
18:54 Loom
19:20 Squires
20:25 Hand Cart
24:04 Heavy Plow
24:30 Fletching
24:41 Scale Mail Armor
24:49 Scale Barding Armor
24:45 Padded Archer Armor
24:56 Gold Mining
27:11 Husbandry
32:36 Imperial Age
30:54 Ballistics
32:12 Leather Archer Armor
31:53 Bodkin Arrow
32:12 Forging
33:52 Chain Barding Armor
33:33 Bracer
34:24 Conscription
33:48 Elite Mangudai
37:08 Elite Steppe Lancer
38:00 Bloodlines
39:25 Iron Casting
39:19 Nomads
38:49 Heavy Camel Rider
42:38 Drill
45:58 Heavy Scorpion
51:08 Blast Furnace
55:05 Chemistry
54:19 Siege Engineers
54:38 Masonry
55:22 Siege Engineers
60:25 Caravan
63:10 Scale Mail Armor
伊织旺猪
0:27 Loom
1:39 Loom
11:58 Feudal Age
16:00 Castle Age
13:52 Double-Bit Axe
14:21 Horse Collar
17:12 Bow Saw
21:55 Wheelbarrow
22:56 Heavy Plow
26:40 Marauders
27:08 Scale Barding Armor
27:18 Forging
27:46 Bloodlines
27:36 Husbandry
32:49 Imperial Age
30:37 Hand Cart
32:08 Fletching
32:18 Padded Archer Armor
32:55 Elite Skirmisher
33:41 Thumb Ring
34:01 Conscription
34:03 Bodkin Arrow
34:46 Iron Casting
35:53 Bracer
36:28 Chain Barding Armor
37:19 Elite Tarkan
40:00 Blast Furnace
42:10 Leather Archer Armor
42:32 Plate Barding Armor
49:06 Light Cavalry
50:34 Hussar
56:17 Two-Man Saw
drain man
11:54 Feudal Age
15:38 Castle Age
14:18 Double-Bit Axe
22:25 Horse Collar
23:56 Bow Saw
24:32 Heavy Plow
25:09 Wheelbarrow
26:20 Hand Cart
26:46 Loom
30:05 Imperial Age
27:21 Town Watch
28:46 Thumb Ring
28:59 Gold Mining
29:02 Fletching
29:14 Stone Mining
29:52 Bodkin Arrow
29:21 Crossbowman
30:54 Masonry
30:22 Arbalester
32:03 Bracer
32:54 Ballistics
33:35 Chemistry
32:39 Town Patrol
32:51 Forging
34:58 Two-Man Saw
35:33 Gold Shaft Mining
35:40 Iron Casting
35:46 Sanctity
35:52 Conscription
36:40 Stone Shaft Mining
39:43 Elite Skirmisher
41:36 Heavy Rocket Cart
47:08 Siege Engineers
46:50 Arrowslits
47:54 Shinkichon
62:04 Scale Mail Armor
65:02 Elite War Wagon
66:31 Scale Barding Armor
Connection lost

Rejoining the realm…

Still unreachable

The connection could not be restored.

Session expired

The server has moved on; the page needs a fresh start.